 Seeded DCSS version 0.30.1-4-g462c640d31 (webtiles) character file.

Game seed: 6351066067085065685 (custom seed)

0 Esekla the Grave Robber (level 1, 0/10 HPs)
             Began as a Deep Elf Necromancer on Sept 2, 2023.
             Slain by a goblin
             ... wielding a +3 dagger of speed
              (2 damage)
             ... on level 2 of the Dungeon.
             The game lasted 00:01:56 (203 turns).

Esekla the Grave Robber (Deep Elf Necromancer)       Turns: 203, Time: 00:01:57

Health: 0/10       AC:  2    Str:  5    XL:     1   Next: 8%
Magic:  6/6        EV: 12    Int: 19    God:
Gold:   8          SH:  0    Dex: 15    Spells: 5/6 levels left

rFire   . . .        c - +0 short sword
rCold   . . .        (no shield)
rNeg    . . .        a - +0 robe
rPois   .            (no helmet)
rElec   .            (no cloak)
rCorr   .            (no gloves)
SInv    .            (no boots)
Will    .....        (no amulet)
Stlth   ++           (no ring)
HPRegen 0.21/turn    (no ring)
MPRegen 0.10/turn

%: no passive effects
@: no status effects
A: no striking features
a: no special abilities


You were on level 2 of the Dungeon.
You visited 1 branch of the dungeon, and saw 2 of its levels.

You collected 8 gold pieces.

Inventory:

Hand Weapons
 c - a +0 short sword (weapon)
Armour
 a - a +0 robe (worn)
Scrolls
 f - a scroll of identify {unknown}
Potions
 b - a potion of magic
 d - a potion of ambrosia {unknown}
 e - a potion of attraction {unknown}
 g - a potion of heal wounds {unknown}
 h - a potion of haste {unknown}
 i - a potion of curing {unknown}


   Skills:
 * Level 2.4 Dodging
 + Level 2.5 Stealth
 * Level 3.0 Spellcasting
 + Level 4.8 Necromancy


You had 5 spell levels left.
You knew the following spells:

 Your Spells              Type           Power      Damage    Failure   Level
a - Necrotise             Necr           84%        1d8       1%          1

Your spell library contained the following spells:

 Spells                   Type           Power      Damage    Failure   Level
 Vampiric Draining        Necr           21%        2d7       6%          3
 Animate Dead             Necr           21%        N/A       21%         4
 Agony                    Necr           21%        N/A       50%         5


Dungeon Overview and Level Annotations

Branches:
Dungeon (2/15)

Altars:


Message History

The goblin looks frightened!
The bat resists with some effort.
The bat looks frightened!
The frilled lizard looks frightened!
It was a scroll of fear.
The bat closely misses you. The bat hits you but does no damage.
Found a stone staircase leading down.
The bat closely misses you. The bat hits you.
* * * LOW HITPOINT WARNING * * *
You see here a bubbling green potion.
e - a bubbling green potion The bat misses you.
The bat barely misses you. The bat barely misses you.
The ball python hisses angrily.
The bat hits you but does no damage.
There is a stone staircase leading down here.
You climb downwards.
Found a stone staircase leading down.
There is a stone staircase leading up here.
Found a dagger.
You see here a +0 dagger.
Found 8 gold pieces and a yellow potion.
You now have 8 gold pieces.
h - a yellow potion
Found a bubbling blue potion.
A goblin comes into view. It is wielding a +0 dagger.
The goblin shouts!
A goblin comes into view. It is wielding a +3 dagger of speed.
The goblin shouts!
The goblin misses you.
You see here a bubbling blue potion.
You closely miss the goblin. The goblin closely misses you.
i - a bubbling blue potion The goblin completely misses you.
The goblin hits you with a +3 dagger of speed.
The goblin hits you with a +3 dagger of speed.
Ouch! That really hurt!
* * * LOW HITPOINT WARNING * * *
The goblin attacks as you move away!
The goblin hits you with a +3 dagger of speed.
You die...

#...........#
######g..#######.#
#.....#..# #)#
#.####...#######.#
#.# ##..........#
#g# #.##########
#.# #.#
######.#####.#
.......g@.....#
..#####.#######
#.# #.# #.# ...
#.. ..


You could see 2 goblins.

Vanquished Creatures
  A kobold (D:1)
1 creature vanquished.

Notes
Turn   | Place    | Note
-------+----------+-------------------------------------------
     0 | D:1      | Esekla the Deep Elf Necromancer began the quest for the
                  | Orb.
     0 | D:1      | Reached XP level 1. HP: 10/10 MP: 6/6
   203 | D:2      | Slain by a goblin

Illustrated notes

Levels and vault maps discovered:
D:1:      sevenhm_arrival_forest_fort_small_3, layout_rooms,
          chequers_serial_rivers_room_b, minmay_misc_feat_five
D:2:      layout_loops_ring, dreamdust_ecumenical_altar_angels_and_demons,
          serial_shops, shop

Action                     || total
---------------------------++-------
  Melee: Unarmed           ||     9
         Short sword       ||     1
    Use: Scroll            ||     1
 Armour: Robe              ||    10
  Dodge: Dodged            ||    23
